[Event "EIWCC 2018"]
[Site "Vysoke Tatry"]
[Date "2018.04.10"]
[Round "3"]
[White "Huda, Maryana"]
[Black "Klek, Hanna Marie"]
[Result "1/2-1/2"]
[ECO "D58"]
[WhiteElo "2161"]
[BlackElo "2327"]
[Annotator "NA"]
[PlyCount "93"]
[EventDate "2018.??.??"]
[EventType "swiss"]
[EventCountry "SVK"]
[SourceTitle "playchess.com"]
[Source "ChessBase"]
[SourceQuality "1"]
[TimeControl "40/5400+30:1800+30"]

1. d4 d5 2. c4 e6 3. Nc3 Be7 4. Nf3 Nf6 5. Bg5 h6 6. Bh4 O-O 7. e3 b6 8. Bd3 dxc4 9. Bxc4 Bb7 10. O-O a6 11. Rc1 b5 12. Bd3 Nbd7 13. Qe2 c5 14. Bxf6 Bxf6 15. Be4 Bxe4 16. Nxe4 c4 17. a4 Be7 18. Rfd1 Nb6 19. axb5 axb5 20. Ne5 Qe8 21. Ra1 f6 22. Nf3 Qc6 23. Qc2 Nd5 24. Ng3 Rxa1 25. Rxa1 Ra8 26. Rb1 Ra2 27. Qg6 Qd7 28. Nh5 Bd8 29. e4 Nb4 30. d5 exd5 31. Nd4 Nd3 32. exd5 Ne5 33. Qe4 Bb6 34. Nf5 Qa7 35. Nfxg7 Bxf2+ 36. Kh1 Qe3 37. Qf5 Qd3 38. Nxf6+ Kxg7 39. Ne8+ Kg8 40. Nf6+ Kh8 41. Qc8+ Kg7 42. Nh5+ Kf7 43. Qc7+ Kf8 44. Qd8+ Kf7 45. Qc7+ Kf8 46. Qd8+ Kf7 47. Qc7+ 1/2-1/2

[Event "EIWCC 2018"]
[Site "Vysoke Tatry"]
[Date "2018.04.10"]
[Round "3"]
[White "Smirnova, Ekaterina"]
[Black "Yildiz Kadioglu, Betul Cemre"]
[Result "1/2-1/2"]
[ECO "E53"]
[WhiteElo "2153"]
[BlackElo "2286"]
[Annotator "NA"]
[PlyCount "139"]
[EventDate "2018.??.??"]
[EventType "swiss"]
[EventCountry "SVK"]
[SourceTitle "playchess.com"]
[Source "ChessBase"]
[SourceQuality "1"]
[TimeControl "40/5400+30:1800+30"]

1. d4 Nf6 2. c4 e6 3. Nc3 Bb4 4. e3 O-O 5. Bd3 d5 6. Nf3 c5 7. cxd5 exd5 8. dxc5 Nbd7 9. O-O Nxc5 10. Be2 Nce4 11. Nxe4 dxe4 12. Qxd8 Rxd8 13. Nd4 Bg4 14. Bxg4 Nxg4 15. a3 Bc5 16. Nb3 Bd6 17. h3 Nf6 18. Bd2 Be5 19. Nd4 Bxd4 20. exd4 Rxd4 21. Bc3 Rc4 22. Bxf6 gxf6 23. Rad1 Rac8 24. b4 Rc3 25. Rfe1 Rd3 26. Ra1 Rc4 27. b5 Ra4 28. b6 axb6 29. Rab1 Rdxa3 30. Rxb6 Ra1 31. Rxa1 Rxa1+ 32. Kh2 Rf1 33. Kg3 f5 34. Rxb7 f4+ 35. Kxf4 Rxf2+ 36. Kxe4 Rxg2 37. Kf4 Kg7 38. Rb6 h6 39. Rb5 Rg6 40. Ra5 Rb6 41. h4 Rb4+ 42. Kg3 Re4 43. Rb5 Kg6 44. Ra5 Re1 45. h5+ Kf6 46. Kf4 Re6 47. Rf5+ Kg7 48. Ra5 Rb6 49. Rc5 Rb4+ 50. Kf3 Kf6 51. Ra5 Rd4 52. Rb5 Ke6 53. Rb6+ Rd6 54. Rb5 f5 55. Rb8 Kf6 56. Rg8 Kf7 57. Ra8 Kf6 58. Rg8 Ke5 59. Re8+ Re6 60. Rh8 Ra6 61. Re8+ Kf6 62. Rg8 Rd6 63. Ke3 Ke5 64. Re8+ Re6 65. Rf8 Ra6 66. Re8+ Kf6 67. Rg8 Ra3+ 68. Kf4 Ra4+ 69. Kf3 Ra3+ 70. Kf4 {Ke5+ Ke4+} 1/2-1/2

[Event "EIWCC 2018"]
[Site "Vysoke Tatry"]
[Date "2018.04.10"]
[Round "3"]
[White "Cosman, Andreea-Marioara"]
[Black "Palma, Maria"]
[Result "1-0"]
[ECO "A58"]
[WhiteElo "2141"]
[BlackElo "2060"]
[Annotator "NA"]
[PlyCount "73"]
[EventDate "2018.??.??"]
[EventType "swiss"]
[EventCountry "SVK"]
[SourceTitle "playchess.com"]
[Source "ChessBase"]
[SourceQuality "1"]
[TimeControl "40/5400+30:1800+30"]

1. d4 Nf6 2. c4 c5 3. d5 b5 4. cxb5 a6 5. bxa6 e6 6. Nc3 exd5 7. Nxd5 Be7 8. Nxe7 Qxe7 9. a7 Nc6 10. Bf4 d5 11. e3 O-O 12. Bb5 Nxa7 13. Be2 Rd8 14. Bf3 Nc6 15. Ne2 Bf5 16. O-O Ne5 17. Bxe5 Qxe5 18. b4 cxb4 19. Nd4 Bd7 20. Qd2 Ra4 21. Rfb1 Qd6 22. Bd1 Ne4 23. Qb2 Ra5 24. Qxb4 Qxb4 25. Rxb4 Nc3 26. Bb3 Rda8 27. Rb7 Be8 28. h3 g6 29. Rc1 Nxa2 30. Rcc7 Rd8 31. h4 Kf8 32. Nf3 h6 33. Ne5 Rda8 34. Nxf7 Nc1 35. Nxh6 Nxb3 36. Rh7 Bd7 37. Rbxd7 1-0

[Event "EIWCC 2018"]
[Site "Vysoke Tatry"]
[Date "2018.04.10"]
[Round "3"]
[White "Okuyaz, Duru"]
[Black "Koloditsova, Renata"]
[Result "1-0"]
[ECO "C16"]
[WhiteElo "2122"]
[BlackElo "1978"]
[Annotator "NA"]
[PlyCount "81"]
[EventDate "2018.??.??"]
[EventType "swiss"]
[EventCountry "SVK"]
[SourceTitle "playchess.com"]
[Source "ChessBase"]
[SourceQuality "1"]
[TimeControl "40/5400+30:1800+30"]

1. e4 e6 2. d4 d5 3. Nc3 Bb4 4. e5 Bxc3+ 5. bxc3 c5 6. Qg4 Ne7 7. Qxg7 Rg8 8. Qxh7 Qa5 9. Bd2 Nbc6 10. a4 Qb6 11. dxc5 Qb2 12. Rc1 Nxe5 13. f4 Nd7 14. Nf3 Nf6 15. Bb5+ Bd7 16. Bxd7+ Nxd7 17. Ng5 Rf8 18. Qh5 Nf6 19. Qe2 Rc8 20. O-O Rc7 21. Qd3 Qa3 22. Qb5+ Kd8 23. Qb4 Qa2 24. Qb3 Qxb3 25. cxb3 Rxc5 26. Be3 Rc6 27. Bxa7 b6 28. a5 Nc8 29. Bxb6+ Nxb6 30. axb6 Rxb6 31. b4 Ke7 32. Ra1 Rb7 33. Ra3 Rc8 34. Rfa1 Nd7 35. Nf3 Rbc7 36. Rc1 Rc4 37. Ra7 f6 38. b5 d4 39. Rd1 Rxc3 40. Nxd4 Rc1 41. Nc6+ 1-0

[Event "EIWCC 2018"]
[Site "Vysoke Tatry"]
[Date "2018.04.10"]
[Round "3"]
[White "Sucikova, Svetlana"]
[Black "Koubova, Anna Marie"]
[Result "1-0"]
[ECO "A04"]
[WhiteElo "2107"]
[BlackElo "1819"]
[Annotator "NA"]
[PlyCount "77"]
[EventDate "2018.??.??"]
[EventType "swiss"]
[EventCountry "SVK"]
[SourceTitle "playchess.com"]
[Source "ChessBase"]
[SourceQuality "1"]
[TimeControl "40/5400+30:1800+30"]

1. Nf3 c5 2. c4 Nf6 3. Nc3 g6 4. g3 Bg7 5. Bg2 O-O 6. d3 d5 7. cxd5 Nxd5 8. Ne4 e5 9. Bg5 f6 10. Bd2 Qe7 11. Qc1 Na6 12. h4 Re8 13. h5 g5 14. h6 Bf8 15. Nfxg5 fxg5 16. Bxg5 Qf7 17. Bf3 Bf5 18. Qc4 Nac7 19. Bh5 Bg6 20. Bxg6 hxg6 21. a4 Be7 22. Bd2 Qe6 23. Nxc5 Bxc5 24. Qxc5 Qc6 25. Rc1 Qxc5 26. Rxc5 b6 27. Rc4 Rac8 28. e4 Nf6 29. f4 exf4 30. gxf4 Ne6 31. Rxc8 Rxc8 32. Rg1 Kh7 33. f5 Nf8 34. e5 Nd5 35. Kd1 Rc7 36. fxg6+ Nxg6 37. Rg5 Kxh6 38. e6 Ngf4 39. Rxd5 1-0

[Event "EIWCC 2018"]
[Site "Vysoke Tatry"]
[Date "2018.04.10"]
[Round "3"]
[White "Hapala, Elisabeth"]
[Black "Kursova, Maria"]
[Result "1/2-1/2"]
[ECO "B48"]
[WhiteElo "2091"]
[BlackElo "2278"]
[Annotator "NA"]
[PlyCount "77"]
[EventDate "2018.??.??"]
[EventType "swiss"]
[EventCountry "SVK"]
[SourceTitle "playchess.com"]
[Source "ChessBase"]
[SourceQuality "1"]
[TimeControl "40/5400+30:1800+30"]

1. e4 c5 2. Nf3 e6 3. d4 cxd4 4. Nxd4 Nc6 5. Nc3 Qc7 6. Be3 a6 7. Qf3 Bd6 8. O-O-O Be5 9. g3 Nge7 10. Qe2 O-O 11. f4 Bxd4 12. Bxd4 Nxd4 13. Rxd4 b5 14. Bg2 Bb7 15. Rhd1 Rfd8 16. Qd2 Bc6 17. e5 Bxg2 18. Qxg2 Rab8 19. Qd2 Rb7 20. Ne4 Qc6 21. g4 Rc7 22. Kb1 a5 23. Qd3 Nd5 24. Rc1 Nxf4 25. Nf6+ gxf6 26. Rxf4 fxe5 27. Rxf7 Kxf7 28. Qxh7+ Ke8 29. Qg6+ Ke7 30. Qg5+ Ke8 31. Qg6+ Ke7 32. Qg5+ Ke8 33. Qh5+ Ke7 34. Qh4+ Ke8 35. Qh5+ Ke7 36. Qg5+ Ke8 37. Qg6+ Ke7 38. Qg5+ Ke8 39. Qg6+ 1/2-1/2

[Event "EIWCC 2018"]
[Site "Vysoke Tatry"]
[Date "2018.04.10"]
[Round "3"]
[White "Kaliadzich, Maryia"]
[Black "Manakova, Maria"]
[Result "1/2-1/2"]
[ECO "A48"]
[WhiteElo "2078"]
[BlackElo "2268"]
[Annotator "NA"]
[PlyCount "95"]
[EventDate "2018.??.??"]
[EventType "swiss"]
[EventCountry "SVK"]
[SourceTitle "playchess.com"]
[Source "ChessBase"]
[SourceQuality "1"]
[TimeControl "40/5400+30:1800+30"]

1. d4 Nf6 2. Nf3 g6 3. Bf4 Bg7 4. e3 O-O 5. Be2 c5 6. c3 d5 7. Nbd2 b6 8. Ne5 Bb7 9. O-O Nbd7 10. h4 a6 11. a4 Rc8 12. Re1 Ne8 13. Bg4 f5 14. Nxd7 Qxd7 15. Be2 Nd6 16. Nf3 Nf7 17. Qb3 Qc6 18. Rad1 c4 19. Qc2 Qe6 20. Rb1 h6 21. b3 Bf6 22. bxc4 dxc4 23. Rb4 g5 24. hxg5 hxg5 25. Bh2 Bd5 26. Qb2 Rc6 27. Nd2 Kg7 28. Bf3 Bxf3 29. Nxf3 g4 30. Nd2 Rh8 31. Nf1 Bg5 32. Rb1 Qh6 33. Rxb6 g3 34. fxg3 Bxe3+ 35. Kh1 Rxb6 36. Qxb6 Nd6 37. Re1 Bg5 38. Re5 Bf6 39. Qc7 Bxe5 40. Qxe7+ Nf7 41. dxe5 Qg5 42. Qc7 Re8 43. g4 fxg4 44. Qxc4 Nxe5 45. Qxa6 Rf8 46. Qb5 Rxf1+ 47. Qxf1 g3 48. Qe1 1/2-1/2

[Event "EIWCC 2018"]
[Site "Vysoke Tatry"]
[Date "2018.04.10"]
[Round "3"]
[White "Azimova, Karina"]
[Black "Pavlidou, Ekaterini"]
[Result "0-1"]
[ECO "B48"]
[WhiteElo "2069"]
[BlackElo "2164"]
[Annotator "NA"]
[PlyCount "78"]
[EventDate "2018.??.??"]
[EventType "swiss"]
[EventCountry "SVK"]
[SourceTitle "playchess.com"]
[Source "ChessBase"]
[SourceQuality "1"]
[TimeControl "40/5400+30:1800+30"]

1. e4 c5 2. Nc3 Nc6 3. Nge2 e6 4. d4 cxd4 5. Nxd4 Qc7 6. Be3 a6 7. a3 b5 8. Nxc6 Qxc6 9. Bd3 Bc5 10. Qg4 Kf8 11. Qg5 Be7 12. Qg3 Bb7 13. O-O h5 14. Bd4 Nf6 15. e5 Nd5 16. h3 f5 17. exf6 gxf6 18. f3 Rg8 19. Qh4 e5 20. Nxd5 Qxd5 21. Be3 Qf7 22. Qf2 f5 23. Bh6+ Ke8 24. Bd2 h4 25. Bb4 d6 26. Rad1 Qg6 27. Rd2 Rd8 28. c4 e4 29. fxe4 fxe4 30. Qb6 Rd7 31. Bc2 Qe6 32. cxb5 axb5 33. Qxb5 Rg5 34. Qe2 e3 35. Ba4 exd2 36. Qxe6 Rxg2+ 37. Kh1 Rg6+ 38. Kh2 Rxe6 39. Rf2 Re1 0-1

[Event "EIWCC 2018"]
[Site "Vysoke Tatry"]
[Date "2018.04.10"]
[Round "3"]
[White "Nemcova, Karin"]
[Black "Warakomska, Anna"]
[Result "1-0"]
[ECO "B47"]
[WhiteElo "1992"]
[BlackElo "2306"]
[Annotator "NA"]
[PlyCount "101"]
[EventDate "2018.??.??"]
[EventType "swiss"]
[EventCountry "SVK"]
[SourceTitle "playchess.com"]
[Source "ChessBase"]
[SourceQuality "1"]
[TimeControl "40/5400+30:1800+30"]

1. e4 c5 2. Nf3 e6 3. d4 cxd4 4. Nxd4 Nc6 5. Nc3 Qc7 6. f4 a6 7. Nxc6 Qxc6 8. Bd3 b5 9. Qe2 Be7 10. a3 Bb7 11. Bd2 Rc8 12. O-O-O Nf6 13. Kb1 Qc7 14. e5 Nd5 15. Nxd5 Bxd5 16. Rhf1 O-O 17. g4 d6 18. Bc3 Qb7 19. f5 dxe5 20. fxe6 f6 21. g5 e4 22. Bxe4 Bxe4 23. Rd7 Rc7 24. Rxc7 Bxc2+ 25. Qxc2 Qxc7 26. gxf6 Bxf6 27. Qb3 Qc4 28. Qxc4 bxc4 29. Bb4 Rb8 30. Kc2 Bxb2 31. Kxb2 a5 32. Kc3 axb4+ 33. axb4 Re8 34. Re1 Rc8 35. Re4 Kf8 36. Rxc4 Ra8 37. Kd4 Ra2 38. h4 Ke7 39. Kd5 Rd2+ 40. Kc6 Kxe6 41. b5 Rb2 42. b6 g6 43. b7 h6 44. Rc5 Rxb7 45. Kxb7 Kf6 46. Kc6 g5 47. hxg5+ hxg5 48. Kd5 Kf5 49. Kd4+ Kf4 50. Kd3 g4 51. Ke2 1-0

[Event "EIWCC 2018"]
[Site "Vysoke Tatry"]
[Date "2018.04.10"]
[Round "3"]
[White "Chan, Naruna"]
[Black "Leite Oralova, Catarina"]
[Result "1-0"]
[ECO "B40"]
[WhiteElo "1909"]
[BlackElo "2134"]
[Annotator "NA"]
[PlyCount "69"]
[EventDate "2018.??.??"]
[EventType "swiss"]
[EventCountry "SVK"]
[SourceTitle "playchess.com"]
[Source "ChessBase"]
[SourceQuality "1"]
[TimeControl "40/5400+30:1800+30"]

1. e4 c5 2. Nf3 e6 3. g3 Nc6 4. Bg2 Nf6 5. Nc3 a6 6. O-O Qc7 7. d4 cxd4 8. Nxd4 Be7 9. Nf3 d6 10. Qe2 O-O 11. Bg5 h6 12. Be3 Nd7 13. Rad1 b5 14. a3 Bb7 15. Nd4 Na5 16. Nb1 Rac8 17. c3 Nc4 18. Bc1 Rfd8 19. f4 Bf6 20. Kh1 Na5 21. g4 Bxd4 22. Rxd4 Nb3 23. Rdd1 Nxc1 24. Rxc1 Qc5 25. Nd2 e5 26. g5 hxg5 27. fxg5 Nf8 28. b4 Qc7 29. Rf3 Qe7 30. Rcf1 Qxg5 31. Rxf7 Rd7 32. Qf2 Qd8 33. Bh3 Rxf7 34. Qxf7+ Kh8 35. Bxc8 1-0

[Event "EIWCC 2018"]
[Site "Vysoke Tatry"]
[Date "2018.04.10"]
[Round "3"]
[White "Nadzamova, Viktoria"]
[Black "Antolak, Julia"]
[Result "0-1"]
[ECO "B31"]
[WhiteElo "1766"]
[BlackElo "2212"]
[Annotator "NA"]
[PlyCount "98"]
[EventDate "2018.??.??"]
[EventType "swiss"]
[EventCountry "SVK"]
[SourceTitle "playchess.com"]
[Source "ChessBase"]
[SourceQuality "1"]
[TimeControl "40/5400+30:1800+30"]

1. e4 c5 2. Nf3 Nc6 3. Bb5 g6 4. O-O Bg7 5. Re1 Nf6 6. c3 O-O 7. d4 cxd4 8. cxd4 d6 9. h3 a6 10. Bf1 d5 11. e5 Ne8 12. Nc3 e6 13. Nh2 Qb6 14. Ne2 f6 15. exf6 Nxf6 16. b3 Ne4 17. Be3 Nd6 18. Qd2 Bd7 19. g4 Rf7 20. Bg2 Nb5 21. Rad1 Bf8 22. Qc2 Rc8 23. Qb1 Nb4 24. Rd2 Na3 25. Qb2 Bb5 26. Red1 Qa5 27. Nf4 Rc6 28. Rc1 Rfc7 29. Rxc6 Rxc6 30. Nf3 Bd6 31. Bf1 Bxf1 32. Kxf1 Qb5+ 33. Kg2 Nbc2 34. Nd3 Bb4 35. Nxb4 Qxb4 36. Ne5 Rc3 37. Nd3 Rxd3 38. Rxc2 Nxc2 39. Qxc2 Qc3 40. Qe2 e5 41. Qf3 Qc6 42. dxe5 d4 43. Qxc6 bxc6 44. Bc1 Kf7 45. h4 Ke6 46. f4 h5 47. g5 Kf5 48. b4 Rd1 49. Bb2 Rd2+ 0-1

[Event "EIWCC 2018"]
[Site "Vysoke Tatry"]
[Date "2018.04.10"]
[Round "3"]
[White "Serakova, Tatana"]
[Black "Hereklioglu, Sude"]
[Result "0-1"]
[ECO "E12"]
[WhiteElo "1633"]
[BlackElo "2123"]
[Annotator "NA"]
[PlyCount "75"]
[EventDate "2018.??.??"]
[EventType "swiss"]
[EventCountry "SVK"]
[SourceTitle "playchess.com"]
[Source "ChessBase"]
[SourceQuality "1"]
[TimeControl "40/5400+30:1800+30"]

1. d4 Nf6 2. c4 e6 3. Nf3 b6 4. a3 Bb7 5. Nc3 d6 6. d5 e5 7. e4 g6 8. Bd3 Bg7 9. O-O O-O 10. Ne1 a5 11. Be3 Nbd7 12. Bc2 Nh5 13. g3 Nc5 14. Nd3 Bc8 15. Nxc5 bxc5 16. Qd2 Bh3 17. Rfe1 f5 18. exf5 gxf5 19. Bh6 Qf6 20. Bxg7 Qxg7 21. Bd1 Nf6 22. f3 Rae8 23. Bc2 Kh8 24. Kh1 Qg6 25. Ne2 Qh5 26. Ng1 e4 27. fxe4 fxe4 28. Nxh3 Qxh3 29. Rf1 Ng4 30. Rxf8+ Rxf8 31. Qg2 Qxg2+ 32. Kxg2 Ne3+ 33. Kh3 Nxc2 34. Rc1 Rf2 35. g4 e3 36. Kg3 Rd2 37. h4 e2 38. Kf3 0-1